 Dungeon Crawl Stone Soup version 0.17.1-3-g152610e (webtiles) character file.

26 hitw the Chopper (level 2, -6/28 HPs)
             Began as a Deep Dwarf Berserker on Apr 25, 2016.
             Was a Believer of Trog.
             Mangled by a gnoll
             ... wielding a +0 halberd
              (7 damage)
             ... on level 2 of the Dungeon.
             The game lasted 00:16:17 (1405 turns).

hitw the Chopper (Deep Dwarf Berserker)             Turns: 1405, Time: 00:16:17

Health: -6/28      AC:  3    Str: 20    XL:     2   Next: 89%
Magic:  2/2        EV: 12    Int:  7    God:    Trog [**....]
Gold:   111        SH:  0    Dex: 12    Spells: 0 memorised, 1 level left

rFire  . . .     SeeInvis .     f - +2 mace (drain)
rCold  . . .     Clarity  .     e - +0 leather armour
rNeg   . . .     SustAt   .     (no shield)
rPois  .         Gourm    .     (no helmet)
rElec  .         Spirit   .     (no cloak)
rCorr  .         Warding  .     (no gloves)
rMut   .         Stasis   .     (no boots)
MR     .....                    (no amulet)
Stlth  +.........               (no ring)
                                (no ring)

@: non-regenerating, not resistant to hostile enchantments, very unstealthy
A: damage resistance, recharge devices, sense surroundings 1, slow regeneration
3
a: Device Recharging, Berserk, Trog's Hand, Burn Spellbooks, Renounce Religion


You were on level 2 of the Dungeon.
You worshipped Trog.
Trog was pleased with you.
You were not hungry.

You visited 1 branch of the dungeon, and saw 2 of its levels.

You collected 111 gold pieces.

Inventory:

Hand Weapons
 a - a +0 hand axe
 f - a +2 mace of draining (weapon)
 i - a +0 club
 j - a +0 hunting sling
 l - a +2 dagger of venom
Missiles
 k - 26 sling bullets
Armour
 b - a +0 animal skin
 e - a +0 leather armour (worn)
Wands
 c - a wand of heal wounds (5)
Scrolls
 h - 2 scrolls of identify {unknown}
 n - a scroll of fog {unknown}
 o - 2 scrolls of remove curse {unknown}
Potions
 g - a potion of might {unknown}
 m - a potion of heal wounds {unknown}
 p - a potion of agility {unknown}
 q - a potion of curing {unknown}
 r - a potion of brilliance {unknown}
Comestibles
 d - a bread ration


   Skills:
 + Level 3.0 Fighting
 + Level 0.1 Short Blades
 + Level 3.9 Axes
 + Level 2.3 Armour
 + Level 2.3 Dodging
 + Level 0.3 Stealth


You had one spell level left.
You didn't know any spells.

Dungeon Overview and Level Annotations

Branches:
Dungeon (2/15)

Altars:


Innate Abilities, Weirdness & Mutations

You are resistant to damage.
You can recharge devices by infusing magical energy.
You passively map a small area around you.
You do not regenerate naturally.


Message History

The gnoll barely misses you.
You hit the gnoll but do no damage.
The gnoll is heavily wounded.
The gnoll misses you. The gnoll barely misses you. The gnoll barely misses you.
You barely miss the gnoll.
The gnoll is heavily wounded.
The gnoll barely misses you. The gnoll misses you.
The gnoll closely misses you. The gnoll misses you.
You hit the gnoll. You drain the gnoll!
The gnoll is severely wounded.
The gnoll barely misses you.
The gnoll hits you from afar with a spear!
* * * LOW HITPOINT WARNING * * *
The gnoll hits you with a club.
* * * LOW HITPOINT WARNING * * *
The gnoll hits you but does no damage.
You hit the gnoll.
The gnoll is almost dead.
The gnoll hits you from afar with a halberd!
You die...

, , * * ... .. ..
####..,... ,,
#.##....#.... ,
#.##....#.... , ,
#.##........., , ,
#.##.........
#.##...(# , *
####.##g...##.. ,
#....@gg.....>.., *
#+###.##.#####......
, ,
.....>..............
....#....#####......
, , . #....# ####. ,
,#..).# * * *
#....########
#...........#
#...........+ ,


You could see 3 gnolls.

Vanquished Creatures
  A giant gecko (D:1)
  2 ball pythons (D:1)
  5 bats (D:1)
  3 goblins (D:1)
  A hobgoblin (D:1)
  3 giant cockroaches
  3 giant newts
  4 kobolds
  4 rats
26 creatures vanquished.

Notes
Turn   | Place    | Note
--------------------------------------------------------------
     0 | D:1      | hitw the Deep Dwarf Berserker began the quest for the Orb.
     0 | D:1      | Reached XP level 1. HP: 20/20 MP: 1/1
   781 | D:1      | Reached XP level 2. HP: 21/27 MP: 2/2
  1398 | D:2      | Reached ** piety under Trog
  1404 | D:2      | HP: 1/28 [gnoll/club (3)]
  1405 | D:2      | Mangled by a gnoll

Action                   || total
-------------------------++-------
Melee: Hand axe          ||    17
       Dagger            ||    19
       Mace              ||    31
  Eat: Meat ration       ||     1
